 Dungeon Crawl Stone Soup version 0.28-a0-655-g4eb62b627b (webtiles) character file.

Game seed: 3023288274390573821

40 sleeves the Skirmisher (level 3, -1/29 HPs)
             Began as a Demonspawn Fighter on Oct 12, 2021.
             Was a Follower of Kikubaaqudgha.
             Slain by a gnoll (5 damage)
             ... on level 2 of the Dungeon.
             The game lasted 00:02:10 (1309 turns).

sleeves the Skirmisher (Demonspawn Fighter)         Turns: 1309, Time: 00:02:11

Health: -1/29      AC: 12    Str: 16    XL:     3   Next: 30%
Magic:  3/3        EV:  9    Int: 10    God:    Kikubaaqudgha [*.....]
Gold:   52         SH:  4    Dex: 12    Spells: 2/2 levels left

rFire   . . .      SeeInvis .   a - +0 war axe
rCold   . . .      Faith    .   c - +0 buckler
rNeg    . . .      Spirit   .   b - +0 scale mail
rPois   .          Reflect  .   (no helmet)
rElec   .          Harm     .   (no cloak)
rCorr   .          Rampage  .   (no gloves)
Will    .....                   (no boots)
Stlth   ..........              (no amulet)
HPRegen 0.09/turn               (no ring)
MPRegen 0.08/turn               (no ring)

@: sanguine armoured
A: sanguine armour 1, demonic magic 1
a: Renounce Religion, Receive Corpses


You were on level 2 of the Dungeon.
You worshipped Kikubaaqudgha.
Kikubaaqudgha was aware of your devotion.
You visited 1 branch of the dungeon, and saw 3 of its levels.

You collected 52 gold pieces.

Inventory:

Hand Weapons
 a - a +0 war axe (weapon)
 h - a +0 dagger
   (You took it off a goblin on level 1 of the Dungeon)
Armour
 b - a +0 scale mail (worn)
 c - a +0 buckler (worn)
Scrolls
 f - 2 scrolls of identify {unknown}
 g - a scroll of amnesia {unknown}
 k - a scroll of immolation {unknown}
 l - a scroll of noise {unknown}
Potions
 d - a potion of might
 e - a potion of cancellation {unknown}
 i - a potion of attraction {unknown}
 j - a potion of lignification {unknown}


   Skills:
 - Level 3.4 Fighting
 + Level 1.2 Short Blades
 - Level 2.5 Axes
 - Level 2.6 Armour
 - Level 2.6 Shields


You had 2 spell levels left.
You didn't know any spells.
Your spell library contained the following spells:

 Spells                   Type           Power      Damage    Failure   Level
 Pain                     Necr           0%         1d4       85%         1
 Sandblast                Erth           0%         2d4       85%         1
 Corpse Rot               Necr/Air       N/A        N/A       94%         2
 Passwall                 Tmut/Erth      0%         N/A       94%         2
 Sublimation of Blood     Necr           0%         N/A       94%         2
 Stone Arrow              Conj/Erth      0%         3d7       99%         3
 Vampiric Draining        Necr           0%         2d6       99%         3


Dungeon Overview and Level Annotations

Branches:
Dungeon (3/15)

Altars:
Kikubaaqudgha

Shops:
D:2 (


Innate Abilities, Weirdness & Mutations

When seriously injured, your bleeding wounds create armour. (AC +6)
Spells you cast may paralyse adjacent enemies.


Message History

Welcome, sleeves the Demonspawn Fighter.
You feel drawn to the Orb of Zot, downwards into the unfathomable depths...
Press ? for a list of commands and other information.
Found a staircase leading out of the dungeon.
You open the door.
Found an escape hatch in the floor.
There is an open door here.
There is a fountain of clear blue water here.
You open the door.
There is an open door here.
An endoplasm comes into view.
The endoplasm quivers.
An endoplasm is nearby!
An endoplasm is nearby!
An endoplasm is nearby!
The endoplasm freezes you.
You are frozen.
You slash the endoplasm!
You kill the endoplasm!
No target in view!
No target in view!
HP restored.
You now have 15 gold pieces.
e - a smoky emerald potion A hobgoblin comes into view.
The hobgoblin shouts!
A hobgoblin is nearby!
The hobgoblin hits you but does no damage.
You closely miss the hobgoblin. The hobgoblin barely misses you.
You closely miss the hobgoblin.
The hobgoblin hits you but does no damage.
The hobgoblin barely misses you.
You hit the hobgoblin.
You kill the hobgoblin!
Your Axes skill increases to level 2!
No target in view!
No target in view!
No target in view!
No target in view!
You see here a hobgoblin corpse.
Found a hand axe.
A quokka comes into view.
Found a scroll labelled MAGIUP CACSUJE.
A quokka is nearby!
A quokka is nearby!
You see here a scroll labelled SOAVOLAMED.
You hit the quokka.
The quokka is severely wounded.
The quokka barely misses you.
You hit the quokka.
You kill the quokka!
No target in view!
No target in view!
No target in view!
No target in view!
No target in view!
No target in view!
No target in view!
No target in view!
No target in view!
f - a scroll labelled SOAVOLAMED You see here a +0 hand axe.
g - a scroll labelled MAGIUP CACSUJE You open the door.
A ball python comes into view.
The ball python hisses angrily.
Found a faded altar of an unknown god.
There is an open door here.
You hit the ball python.
The ball python is heavily wounded.
The ball python bites you. The ball python grabs you.
The ball python constricts you.
The ball python bites you but does no damage.
The ball python constricts you.
You hit the ball python.
You kill the ball python!
No target in view!
No target in view!
No target in view!
No target in view!
No target in view!
No target in view!
You see here a ball python corpse.
Found 22 bolts.
Found a stone staircase leading down.
You open the door.
There is an open door here.
There is a stone staircase leading down here.
Found a hunting sling.
You see here a +0 hunting sling.
A kobold comes into view. It is wielding a +0 club.
The kobold moves out of view.
No target in view!
No target in view!
No target in view!
A kobold is nearby!
A kobold is nearby!
The kobold hits you but does no damage.
You hit the kobold.
You kill the kobold!
No target in view!
No target in view!
No target in view!
No target in view!
No target in view!
No target in view!
No target in view!
No target in view!
No target in view!
No target in view!
No target in view!
No target in view!
No target in view!
No target in view!
No target in view!
No target in view!
Search for what [? for help]? altar
There is a faded altar of an unknown god here.
You cannot tell which god this altar belongs to.
Convert to them anyway?
Kikubaaqudgha accepts your prayer! Kikubaaqudgha welcomes you!
You can now receive cadavers from Kikubaaqudgha.
Kikubaaqudgha grants you a gift!
You add the spells Pain, Sublimation of Blood, Corpse Rot and Vampiric Draining to your library.
Okay, then.
There is an open door here.
You see here 22 bolts.
Found a ring mail.
A goblin comes into view. It is wielding a +0 club.
The goblin shouts!
A goblin is nearby!
(D) Dungeon
Where to? (Enter - D:1 @ (x,y), ? - help)
A goblin is nearby!
A goblin is nearby!
A goblin is nearby!
A goblin is nearby!
A goblin is nearby!
The goblin completely misses you.
You barely miss the goblin. The goblin hits you with a +0 club.
The goblin hits you but does no damage.
You slash the goblin!
You kill the goblin!
Kikubaaqudgha accepts your kill.
No target in view!
You see here a +0 club.
Found 20 stones.
No target in view!
A giant cockroach comes into view.
A giant cockroach is nearby!
A giant cockroach is nearby!
You hit the giant cockroach.
The giant cockroach is almost dead.
The giant cockroach misses you.
You barely miss the giant cockroach.
The giant cockroach is almost dead.
You block the giant cockroach's attack.
The giant cockroach bites you but does no damage.
You slash the giant cockroach!
You kill the giant cockroach!
Kikubaaqudgha accepts your kill.
You have reached level 2!
Your demonic ancestry asserts itself...
A menacing aura infuses your magic.
A goblin comes into view. It is wielding a +0 dagger.
The goblin shouts!
A goblin is nearby!
A goblin is nearby!
A goblin is nearby!
Found a stone staircase leading down.
You slash the goblin!
You kill the goblin!
Kikubaaqudgha accepts your kill.
No target in view!
Things that are here:
a +0 dagger; a goblin corpse
h - a +0 dagger
There is a stone staircase leading down here.
A rat comes into view.
A rat is nearby!
A rat is nearby!
A rat is nearby!
A rat is nearby!
Found a ruby potion.
The rat closely misses you.
You completely miss the rat. The rat bites you but does no damage.
Your scale mail prevents you from hitting the rat.
The rat barely misses you. The rat bites you but does no damage.
You slash the rat!
You kill the rat!
Kikubaaqudgha accepts your kill.
No target in view!
No target in view!
No target in view!
No target in view!
No target in view!
No target in view!
No target in view!
No target in view!
No target in view!
You see here a rat corpse.
i - a ruby potion You open the door.
There is an open door here.
A quokka comes into view.
A quokka is nearby!
A quokka is nearby!
The quokka closely misses you.
You barely miss the quokka. You block the quokka's attack.
The quokka bites you but does no damage.
You closely miss the quokka. You block the quokka's attack.
The quokka bites you.
You barely miss the quokka. The quokka bites you.
The quokka bites you but does no damage.
You hit the quokka.
You kill the quokka!
Kikubaaqudgha accepts your kill.
No target in view!
No target in view!
No target in view!
No target in view!
A bat comes into view.
A bat is nearby!
A bat is nearby!
The bat hits you.
You hit the bat.
The bat is severely wounded.
The bat hits you but does no damage. The bat hits you but does no damage.
The bat barely misses you.
You barely miss the bat.
The bat is severely wounded.
The bat barely misses you. The bat hits you but does no damage. x2
You miss the bat.
The bat is severely wounded.
The bat barely misses you. The bat completely misses you.
The bat hits you but does no damage.
You barely miss the bat.
The bat is severely wounded.
The bat completely misses you. The bat barely misses you.
The bat hits you but does no damage. You block the bat's attack.
You hit the bat.
You kill the bat!
Kikubaaqudgha accepts your kill.
No target in view!
You fall into a shaft and drop 1 floor!
The shaft crumbles and collapses.
Found a hunting sling.
Found a stone staircase leading up.
No target in view!
No target in view!
You see here a +0 hunting sling.
Found 17 arrows.
No target in view!
No target in view!
No target in view!
You see here 17 arrows.
j - a sedimented black potion No target in view!
No target in view!
A ball python comes into view.
The ball python hisses angrily.
The ball python moves out of view.
No target in view!
No target in view!
A ball python comes into view.
The ball python hisses angrily.
There are monsters nearby!
You hit the ball python.
You kill the ball python!
Kikubaaqudgha accepts your kill.
You slash the ball python!
You kill the ball python!
Kikubaaqudgha accepts your kill.
No target in view!
Found a stone staircase leading down.
There is a stone staircase leading down here.
Found a stone staircase leading up.
A kobold comes into view. It is wielding a +0 dagger.
A kobold is nearby!
The kobold hits you but does no damage.
You hit the kobold.
You kill the kobold!
Kikubaaqudgha accepts your kill.
No target in view!
No target in view!
No target in view!
No target in view!
No target in view!
No target in view!
Things that are here:
a +0 dagger; a kobold corpse
Found a stone staircase leading up.
f - 2 scrolls labelled SOAVOLAMED (gained 1)
A dart slug comes into view.
A dart slug is nearby!
A dart slug is nearby!
You slash the dart slug!
The dart slug is almost dead.
The dart slug bites you.
You slash the dart slug!
You kill the dart slug!
Kikubaaqudgha accepts your kill.
No target in view!
No target in view!
No target in view!
No target in view!
No target in view!
No target in view!
HP restored.
Found a runed whip.
You now have 21 gold pieces (gained 6).
You now have 22 gold pieces (gained 1).
A giant cockroach comes into view.
A giant cockroach is nearby!
You slash the giant cockroach!
You kill the giant cockroach!
Kikubaaqudgha accepts your kill.
No target in view!
No target in view!
No target in view!
No target in view!
k - a scroll labelled SANUTHR ZYEDOF
Found a stone staircase leading down.
You now have 36 gold pieces (gained 14).
You now have 52 gold pieces (gained 16).
As you open the gate, it creaks loudly!
An endoplasm comes into view.
An endoplasm is nearby!
A bat comes into view.
There is an open gate here.
The bat barely misses you.
You miss the bat. The bat hits you but does no damage. x2
The bat hits you but does no damage. The endoplasm freezes you.
You are frozen.
You block the bat's attack.
You miss the bat. You hit the endoplasm. The bat hits you but does no damage.
The endoplasm hits you but does no damage.
The bat hits you but does no damage. The endoplasm freezes you.
You are frozen.
You are too injured to fight recklessly!
You are too injured to fight recklessly!
You are too injured to fight recklessly!
You are too injured to fight recklessly!
You are too injured to fight recklessly!
You are too injured to fight recklessly!
You are too injured to fight recklessly!
You are too injured to fight recklessly!
There are monsters nearby!
There are monsters nearby!
There are monsters nearby!
You are too injured to fight recklessly!
You closely miss the bat. You hit the endoplasm.
You kill the endoplasm!
Kikubaaqudgha accepts your kill. The bat hits you.
A kobold comes into view. It is wielding a +0 dagger.
The bat barely misses you. The bat hits you but does no damage.
You barely miss the bat. The bat hits you but does no damage.
You are too injured to fight recklessly!
You barely miss the bat. The bat hits you but does no damage.
The kobold throws a stone.
You block the stone. The bat hits you but does no damage.
The bat hits you but does no damage.
The kobold throws a stone.
The stone barely misses you. The bat hits you but does no damage.
You slash the kobold!
You kill the kobold!
Kikubaaqudgha accepts your kill.
You hit the bat.
You kill the bat!
Kikubaaqudgha accepts your kill.
Things that are here:
a +0 dagger; a stone; a kobold corpse You see here a bat corpse.
There is an open gate here.
You close the gate.
You start resting.
HP restored.
You open the gate.
There is an open gate here.
A giant cockroach comes into view.
A giant cockroach is nearby!
A giant cockroach is nearby!
A giant cockroach is nearby!
You barely miss the giant cockroach.
The giant cockroach bites you but does no damage.
You block the giant cockroach's attack.
You slash the giant cockroach!
You kill the giant cockroach!
Kikubaaqudgha accepts your kill.
No target in view!
No target in view!
No target in view!
No target in view!
No target in view!
A bat comes into view.
A bat is nearby!
A bat is nearby!
A bat is nearby!
The bat hits you but does no damage. The bat hits you but does no damage. x2
You miss the bat. The bat hits you but does no damage.
The bat barely misses you.
No target in view!
No target in view!
No target in view!
No target in view!
No target in view!
No target in view!
No target in view!
No target in view!
The bat hits you but does no damage.
A bat is nearby!
A bat is nearby!
You barely miss the bat. The bat hits you but does no damage. x2
The bat hits you but does no damage.
You completely miss the bat. The bat hits you.
The bat hits you but does no damage.
You barely miss the bat. The bat barely misses you.
No target in view!
No target in view!
No target in view!
No target in view!
No target in view!
The bat barely misses you. The bat hits you but does no damage.
A bat is nearby!
A bat is nearby!
You slash the bat!
You kill the bat!
Kikubaaqudgha accepts your kill.
No target in view!
No target in view!
No target in view!
No target in view!
No target in view!
No target in view!
Things that are here:
a +0 dagger; a stone; a kobold corpse You see here a bat corpse.
There is an open gate here.
A hobgoblin comes into view.
The hobgoblin shouts!
A hobgoblin is nearby!
A hobgoblin is nearby!
The hobgoblin closely misses you.
You hit the hobgoblin.
You kill the hobgoblin!
Kikubaaqudgha accepts your kill.
No target in view!
No target in view!
No target in view!
No target in view!
No target in view!
No target in view!
No target in view!
No target in view!
You see here a hobgoblin corpse.
Found a giant spiked club.
Found a stone staircase leading down.
Found Tiylann's Weapon Boutique.
You pick up a book of Geomancy and begin reading...
You add the spells Sandblast, Passwall and Stone Arrow to your library.
There is an entrance to Tiylann's Weapon Boutique here.
Found a ring mail.
Found 21 arrows.
A kobold comes into view. It is wielding a +0 whip.
The kobold throws a stone.
The stone barely misses you.
A kobold is nearby!
The kobold hits you but does no damage.
You slash the kobold!
You kill the kobold!
Kikubaaqudgha accepts your kill.
No target in view!
Things that are here:
a +0 whip; 2 stones; a kobold corpse You see here 21 arrows.
Done exploring.
Done exploring.
Done exploring.
No target in view!
No target in view!
(D) Dungeon
Where to? (Enter - D:2, ? - help)
There is a stone staircase leading down here.
You climb downwards.
Found a scroll labelled VUANGAI MOFOIS.
There is a stone staircase leading up here.
l - a scroll labelled VUANGAI MOFOIS A bat comes into view.
The bat moves out of view.
A bat and a gnoll come into view.
The gnoll shouts!
You hear a shout!
A ball python comes into view.
A gnoll comes into view. It is wielding a +0 spear.
There are monsters nearby!
The gnoll shouts!
The bat hits you but does no damage.
You hit the bat.
You kill the bat!
Kikubaaqudgha accepts your kill.
A gnoll comes into view. It is wielding a +0 halberd.
You have reached level 3!
Your experience leads to an increase in your attributes!
Increase (S)trength, (I)ntelligence, or (D)exterity?
You feel clever.
Your demonic ancestry asserts itself...
You feel your blood ready itself to protect you.
You slash the ball python!
You kill the ball python!
Kikubaaqudgha accepts your kill. You block the gnoll's attack.
The gnoll hits you with a +0 spear.
You see here a ball python corpse.
You hit the gnoll.
The gnoll is moderately wounded.
The gnoll closely misses you. The gnoll hits you with a +0 spear!
You barely miss the gnoll.
The gnoll is moderately wounded.
The gnoll hits you with a +0 spear.
You slash the gnoll!
The gnoll is almost dead.
The gnoll hits you with a +0 spear.
Your blood congeals into armour.
The gnoll closely misses you.
You completely miss the gnoll.
The gnoll is almost dead.
The gnoll closely misses you.
You closely miss the gnoll.
The gnoll is almost dead.
The gnoll hits you with a +0 spear!
* * * LOW HITPOINT WARNING * * *
The gnoll hits you with a +0 spear.
* * * LOW HITPOINT WARNING * * *
You barely miss the gnoll.
The gnoll is almost dead.
The gnoll closely misses you.
You hit the gnoll but do no damage.
The gnoll is almost dead.
You block the gnoll's attack.
You hit the gnoll.
You kill the gnoll!
Kikubaaqudgha accepts your kill. The gnoll closely misses you.
Your Short Blades skill increases to level 1!
There is a stone staircase leading up here.
The gnoll closely misses you.
You climb upwards.
There is a stone staircase leading down here.
You see here a hobgoblin corpse.
You hit the gnoll.
The gnoll is moderately wounded.
The gnoll hits you with a +0 flail.
* * * LOW HITPOINT WARNING * * *
You barely miss the gnoll.
The gnoll is moderately wounded.
You block the gnoll's attack. The gnoll hits you with a +0 flail.
* * * LOW HITPOINT WARNING * * *
You closely miss the gnoll.
The gnoll is moderately wounded.
The gnoll barely misses you.
You closely miss the gnoll.
The gnoll is moderately wounded.
The gnoll closely misses you. You block the gnoll's attack.
You completely miss the gnoll.
The gnoll is moderately wounded.
The gnoll barely misses you.
You hit the gnoll.
The gnoll is heavily wounded.
The gnoll closely misses you.
You closely miss the gnoll.
The gnoll is heavily wounded.
The gnoll barely misses you. The gnoll hits you but does no damage.
You hit the gnoll.
The gnoll is heavily wounded.
The gnoll hits you with a +0 flail.
You die...
Kikubaaqudgha rasps: "You have failed me!
Welcome... death!"

............≈≈≈≈♣........<.......
....##.......♣≈♣(.♣####.#..##.#.#
.#####.....P....PP##........#.#.#
.#####.###......♣...........#.#..
........####..♣P####........#.###
........# #..### ##########....
........#####.#######...........#
>............)..................#
.###.#......#...@g..............#
.###.######.#########.#########..
.......####.#########.# #######.
####...........†......# ##.....#.
#..################# #....#.##
#.##.......## #....#.##
###..#...#..## #....#...
##..#.#.#.#..## ##...#.##
##..#...#...#..## ###.####


You could see a gnoll.

Vanquished Creatures
  A gnoll (D:3)
  A dart slug (D:2)
  4 ball pythons
  2 endoplasms
  3 giant cockroaches
  2 goblins (D:1)
  2 hobgoblins
  2 quokkas (D:1)
  4 bats
  4 kobolds
  A rat (D:1)
26 creatures vanquished.

Notes
Turn   | Place    | Note
-------+----------+-------------------------------------------
     0 | D:1      | sleeves the Demonspawn Fighter began the quest for the Orb.
     0 | D:1      | Reached XP level 1. HP: 18/18 MP: 1/1
    95 | D:1      | Reached skill level 2 in Axes
   130 | D:1      | Found a faded altar of an unknown god.
   384 | D:1      | Prayed at the altar of an unknown god.
   384 | D:1      | Became a worshipper of Kikubaaqudgha
   384 | D:1      | Reached * piety under Kikubaaqudgha
   384 | D:1      | Received a gift from Kikubaaqudgha
   483 | D:1      | Gained mutation: Spells you cast may paralyse adjacent
                  | enemies. [demonic ancestry]
   483 | D:1      | Reached XP level 2. HP: 24/24 MP: 2/2
   619 | D:1      | You fall into a shaft and drop 1 floor!
  1152 | D:2      | Found Tiylann's Weapon Boutique.
  1249 | D:3      | Gained mutation: When seriously injured, your bleeding
                  | wounds create armour. (AC +6) [demonic ancestry]
  1249 | D:3      | Reached XP level 3. HP: 29/29 MP: 3/3
  1263 | D:3      | HP: 7/29 [gnoll (8)]
  1267 | D:3      | Reached skill level 1 in Short Blades
  1302 | D:2      | HP: 6/29 [gnoll (4)]
  1309 | D:2      | Slain by a gnoll

Illustrated notes

Levels and vault maps discovered:
D:1:      minmay_arrival_split_and_join, layout_loops_corners,
          chequers_ecumenical_altar_simple
D:2:      layout_basic, serial_shops, shop, serial_bayou_pond_a,
          corexii_leaking_fountain, kennysheep_cluttered_room
D:3:      layout_basic, grunt_temple_overflow_open, zin_purify, st_stairs_11,
          uniq_sigmund, uniq_jessica

Skill      XL: |  1  2  3 |
---------------+----------+-----
Axes           | 2 |  2.5
Short Blades   | 1 |  1.2
Fighting       | |  3.4
Armour         | |  2.6
Shields        | |  2.6

Action                   || total
-------------------------++-------
Melee: War axe           ||    65
Armor: Scale mail        ||    43
Dodge: Dodged            ||    33
Block: Buckler           ||    11

Table legend: (Time is in decaauts)
 A = Elapsed time spent in this place.
 B = Non-inter-level travel time spent in this place.
 C = Inter-level travel time spent in this place.
 D = Time resting spent in this place.
 E = Time spent auto-exploring this place.
 F = Levels seen in this place.
 G = Mean time per level.
                   A        B        C        D        E       F      G
               +--------+--------+--------+--------+--------+-----+--------+
         Total |   1335 |   1282 |     53 |    100 |    932 |   3 |  445.0 |
       Dungeon |   1335 |   1282 |     53 |    100 |    932 |   3 |  445.0 |
               +--------+--------+--------+--------+--------+-----+--------+

Top non-repeatable levels by time:
     D:2: 666 daAuts
     D:1: 630 daAuts
     D:3: 38 daAuts
